AoeStats
← FC_M@sTer

Arabia

508791687Analyzed
3v3 RM · 9d ago on Sep 24, 2026· 35m 6s· 6 players
Game mode
Random Map
Map size
Normal (6 player)
Population
200
Speed
Normal
Resources
Standard
Victory
Conquest
Starting age
Dark Age
Ending age
Imperial Age
RankedLock teamsTeams togetherTeam positionsShared explorationLock speedFull tech treeHidden civsTurbo modeCheats
Victory
Defeat
🇨🇴 Persians · Colombia
1355
+8
🇨🇴 Tupi · Colombia
1294
+10
🇨🇴 Khmer · Colombia
917
+25
🇪🇨 Spanish · Ecuador
1184
-16
1164
-15
🇪🇨 Huns · Ecuador
1087
-12
[ECU] Emperador Mabusito
7:08 Loom
10:18 Feudal Age
29:41 Feudal Age
30:16 Gold Mining
30:18 Double-Bit Axe
30:19 Horse Collar
31:48 Stone Mining
El_Warnersito
10:12 Feudal Age
12:02 Scale Barding Armor
11:54 Loom
12:00 Horse Collar
13:05 Double-Bit Axe
15:18 Forging
17:11 Gold Mining
18:31 Bloodlines
19:27 Scale Mail Armor
22:08 Wheelbarrow
25:44 Castle Age
24:22 Padded Archer Armor
26:59 Chain Barding Armor
27:38 Iron Casting
27:18 Bow Saw
27:09 Heavy Plow
26:47 Light Cavalry
27:29 Husbandry
Barbanegra
3:19 Loom
10:39 Feudal Age
12:56 Double-Bit Axe
13:27 Horse Collar
16:29 Fletching
23:00 Castle Age
21:19 Padded Archer Armor
22:04 Bloodlines
24:37 Scale Barding Armor
25:18 Forging
FC_M@sTer
5:27 Loom
20:54 Feudal Age
22:10 Double-Bit Axe
23:11 Horse Collar
27:59 Castle Age
27:00 Bloodlines
28:03 Scale Barding Armor
28:54 Wheelbarrow
29:05 Forging
FC_Satuplese
3:06 Loom
10:49 Feudal Age
13:28 Double-Bit Axe
14:36 Bloodlines
21:29 Scale Barding Armor
22:55 Horse Collar
27:07 Forging
30:17 Castle Age
34:38 Pikeman
FC_Proyecto_El_Conquistador_X
6:21 Loom
9:22 Feudal Age
10:49 Double-Bit Axe
11:30 Fletching
21:40 Castle Age
22:12 Padded Archer Armor
21:43 Crossbowman
22:28 Bodkin Arrow
22:53 Bow Saw
29:39 Wheelbarrow
30:18 Ballistics
30:42 Leather Archer Armor
32:54 Horse Collar
Connection lost

Rejoining the realm…

Still unreachable

The connection could not be restored.

Session expired

The server has moved on; the page needs a fresh start.